AoeStats
← VX | El Venenudo

Black Forest

506335867Analyzed
4v4 RM · 21d ago on Sep 13, 2026· 36m 44s· 8 players
Game mode
Random Map
Map size
Large (8 player)
Population
200
Speed
Normal
Resources
Standard
Victory
Conquest
Starting age
Dark Age
Ending age
Imperial Age
RankedLock teamsTeams togetherTeam positionsShared explorationLock speedFull tech treeHidden civsTurbo modeCheats
Victory
Defeat
🇨🇳 Italians · China
1427
+14
🇨🇳 Saracens · China
1419
+15
🇹🇼 Lithuanians · Taiwan
1403
+15
🇨🇳 Bohemians · China
1393
+16
🇩🇪 Persians · Germany
1425
-16
🇲🇽 Persians · Mexico
1424
-16
🇵🇦 Maya · Panama
1353
-14
🇦🇺 Lithuanians · Australia
1353
-14
TwBestShaco
6:10 Loom
11:21 Feudal Age
12:01 Double-Bit Axe
15:30 Castle Age
13:30 Horse Collar
16:39 Bow Saw
16:30 Heavy Plow
22:25 Wheelbarrow
21:44 Gold Mining
25:36 Hand Cart
29:34 Imperial Age
27:55 Scale Barding Armor
28:00 Forging
28:15 Bloodlines
28:05 Husbandry
29:20 Stone Mining
30:00 Chain Barding Armor
30:15 Iron Casting
31:12 Stone Shaft Mining
31:39 Two-Man Saw
31:12 Crop Rotation
30:56 Guilds
31:51 Plate Barding Armor
30:39 Cavalier
32:02 Plate Barding Armor
32:37 Chemistry
32:08 Paladin
34:01 Block Printing
34:12 Illumination
36:00 Fervor
36:11 Sanctity
wuming
8:11 Loom
10:56 Feudal Age
15:03 Castle Age
12:49 Double-Bit Axe
17:08 Bow Saw
18:40 Wheelbarrow
19:22 Horse Collar
20:20 Heavy Plow
21:46 Hand Cart
23:28 Fletching
23:39 Padded Archer Armor
24:05 Bodkin Arrow
24:13 Town Watch
30:07 Imperial Age
28:52 Forging
28:42 Scale Mail Armor
29:51 Chemistry
29:24 Treadmill Crane
29:55 Masonry
30:24 Iron Casting
29:48 Pikeman
30:29 Squires
30:14 Arson
30:46 Chain Mail Armor
31:25 Conscription
31:10 Wagenburg Tactics
32:37 Two-Man Saw
32:40 Blast Furnace
32:32 Halberdier
33:56 Coinage
33:26 Caravan
35:20 Plate Mail Armor
34:53 Houfnice
36:29 Banking
ROYAL PIGGY
2:11 Loom
10:07 Feudal Age
10:15 Man-at-Arms
12:13 Arson
13:28 Horse Collar
13:36 Double-Bit Axe
21:21 Castle Age
20:38 Town Watch
21:00 Gold Mining
23:05 Stone Mining
23:17 Heavy Plow
23:29 Bow Saw
31:45 Imperial Age
29:20 Fletching
30:38 Wheelbarrow
30:22 Treadmill Crane
31:53 Ballistics
31:30 Bodkin Arrow
31:35 Padded Archer Armor
32:51 Conscription
33:12 Hoardings
34:55 Thumb Ring
34:52 Bracer
36:01 Hand Cart
36:10 Leather Archer Armor
37:18 Chemistry
亮刀吧
0:44 Loom
11:03 Feudal Age
14:50 Castle Age
13:01 Double-Bit Axe
18:05 Horse Collar
22:11 Stone Mining
24:49 Wheelbarrow
28:03 Imperial Age
26:06 Gold Mining
26:55 Forging
27:53 Bloodlines
28:13 Bow Saw
29:20 Husbandry
29:54 Elite Mameluke
31:14 Iron Casting
30:52 Heavy Plow
30:55 Elite Mameluke
32:55 Blast Furnace
32:27 Conscription
33:57 Scale Barding Armor
34:02 Fletching
34:44 Light Cavalry
35:58 Bimaristan
35:53 Hussar
VX | El Venenudo
11:00 Feudal Age
14:46 Castle Age
13:05 Double-Bit Axe
13:23 Horse Collar
15:55 Bow Saw
16:05 Loom
22:12 Wheelbarrow
24:04 Hand Cart
26:19 Gold Mining
29:29 Imperial Age
29:37 Imperial Age
27:49 Gold Shaft Mining
27:23 Scale Barding Armor
28:32 Chain Barding Armor
28:28 Forging
29:45 Husbandry
29:20 Elite War Elephant
30:34 Conscription
31:05 Plate Barding Armor
30:42 Bloodlines
32:33 Chemistry
32:10 Iron Casting
35:31 Light Cavalry
37:12 Blast Furnace
37:31 Two-Man Saw
iphonze
0:26 Loom
11:55 Feudal Age
19:44 Castle Age
17:43 Double-Bit Axe
18:25 Horse Collar
20:53 Bow Saw
22:30 Heavy Plow
24:38 Fervor
25:08 Wheelbarrow
26:31 Gold Mining
26:46 Stone Mining
32:31 Imperial Age
31:07 Hand Cart
32:05 Stone Shaft Mining
31:55 Fletching
32:05 Padded Archer Armor
32:28 Ballistics
32:50 Bodkin Arrow
32:47 Elite Plumed Archer
33:48 Conscription
34:19 Bracer
34:37 Hul'che Javelineers
34:20 Elite Skirmisher
35:06 Thumb Ring
36:58 Chemistry
Slippery
0:51 Loom
11:10 Feudal Age
15:54 Castle Age
14:14 Double-Bit Axe
16:12 Horse Collar
26:28 Scale Barding Armor
27:05 Gold Mining
27:42 Forging
28:44 Chain Barding Armor
28:20 Town Watch
29:24 Heavy Plow
30:45 Iron Casting
31:41 Bow Saw
32:01 Fletching
32:11 Padded Archer Armor
35:35 Wheelbarrow
36:19 Thumb Ring
35:34 Elite Skirmisher
Tsunade
1:14 Loom
12:17 Feudal Age
13:05 Town Watch
16:05 Castle Age
14:15 Double-Bit Axe
14:11 Horse Collar
16:49 Bow Saw
22:11 Wheelbarrow
24:06 Heavy Plow
25:18 Hand Cart
25:36 Gold Mining
25:38 Stone Mining
30:11 Imperial Age
30:30 Scale Barding Armor
31:27 Two-Man Saw
30:59 Crop Rotation
30:31 Husbandry
30:42 Bloodlines
31:33 Chain Barding Armor
31:33 Elite War Elephant
32:35 Conscription
32:51 Plate Barding Armor
32:27 Forging
32:55 Guilds
33:16 Coinage
33:27 Coinage
35:04 Iron Casting
35:05 Devotion
35:07 Fletching
35:40 Ballistics
35:30 Masonry
35:59 Hoardings
36:11 Banking
Connection lost

Rejoining the realm…

Still unreachable

The connection could not be restored.

Session expired

The server has moved on; the page needs a fresh start.